 Dungeon Crawl Stone Soup version 0.28.0-47-ge53b351184 (webtiles) character file.

Game seed: 6981700771027650684

46 firemarshallily the Skirmisher (level 3, -1/29 HPs)
             Began as a Demonspawn Fighter on Apr 25, 2022.
             Slain by a quokka (2 damage)
             ... on level 2 of the Dungeon.
             The game lasted 00:02:59 (1019 turns).

firemarshallily the Skirmisher (Demonspawn Fighter) Turns: 1019, Time: 00:02:59

Health: -1/29      AC:  6    Str: 18    XL:     3   Next: 44%
Magic:  3/3        EV:  9    Int:  9    God:
Gold:   95         SH:  4    Dex: 12    Spells: 2/2 levels left

rFire   . . .      SeeInvis .   a - +0 war axe
rCold   . . .      Faith    .   c - +0 buckler
rNeg    . . .      Spirit   .   b - +0 scale mail
rPois   .          Reflect  .   (no helmet)
rElec   .          Harm     .   (no cloak)
rCorr   .          Rampage  .   (no gloves)
Will    .....                   (no boots)
Stlth   ..........              (no amulet)
HPRegen 0.09/turn               (no ring)
MPRegen 0.08/turn               (no ring)

@: no status effects
A: demonic magic 2
a: no special abilities


You were on level 2 of the Dungeon.
You visited 1 branch of the dungeon, and saw 2 of its levels.

You collected 95 gold pieces.

Inventory:

Hand Weapons
 a - a +0 war axe (weapon)
Missiles
 g - 51 stones (quivered)
Armour
 b - a +0 scale mail (worn)
 c - a +0 buckler (worn)
Scrolls
 e - a scroll of identify {unknown}
 h - a scroll of enchant weapon {unknown}
 i - a scroll of immolation {unknown}
Potions
 d - a potion of might
 f - a potion of mutation {unknown}


   Skills:
 + Level 3.3 Fighting
 * Level 2.5 Axes
 * Level 3.2 Armour
 - Level 2.8 Shields


You had 2 spell levels left.
You didn't know any spells.
Your spell library was empty.

Dungeon Overview and Level Annotations

Branches:
Dungeon (2/15)

Altars:

Shops:
D:1 ?


Innate Abilities, Weirdness & Mutations

Spells you cast may paralyse nearby enemies.


Message History

Your magic grows more menacing.
You closely miss the hobgoblin. You closely miss the quokka.
The quokka misses you.
The hobgoblin hits you but does no damage.
The quokka bites you but does no damage.
You hit the quokka but do no damage. You hit the hobgoblin.
The hobgoblin hits you but does no damage.
The quokka bites you but does no damage.
The hobgoblin hits you but does no damage.
You hit the hobgoblin.
The hobgoblin is severely wounded.
You barely miss the quokka.
The quokka bites you but does no damage.
The hobgoblin hits you.
* * * LOW HITPOINT WARNING * * *
You block the quokka's attack.
You closely miss the hobgoblin.
The hobgoblin is severely wounded.
You barely miss the quokka. You block the quokka's attack.
The hobgoblin hits you.
* * * LOW HITPOINT WARNING * * *
The quokka barely misses you.
You slash the hobgoblin!
You kill the hobgoblin!
You closely miss the quokka. You block the quokka's attack.
You completely miss the quokka.
The quokka bites you but does no damage. x2
You barely miss the quokka.
The quokka bites you but does no damage.
You block the quokka's attack.
You hit the quokka.
The quokka is severely wounded.
The quokka bites you.
* * * LOW HITPOINT WARNING * * *
You completely miss the quokka.
The quokka is severely wounded.
The quokka bites you.
* * * LOW HITPOINT WARNING * * *
The quokka bites you.
You die...

#.### . ## #.#..
...##.
.....######......
#.#.#......g..... #.
......##..@...#
#.###....#.......#
#........#.......#
#.r.....##..###.##
#.@.....(........#
#.).........#.#.##
#.(..............#
#.....#.###.#.##.#
...#..............#
###.#........<..##.#
.P#.#..............#
..
#.#.#............#
#...^....####..#


You could see a quokka.

Vanquished Creatures
  Jessica (D:2)
  A dart slug (D:2)
  2 bats (D:1)
  2 endoplasms (D:1)
  2 giant cockroaches (D:1)
  3 goblins (D:2)
  3 hobgoblins
  A frilled lizard (D:2)
  A rat (D:2)
16 creatures vanquished.

Notes
Turn   | Place    | Note
-------+----------+-------------------------------------------
     0 | D:1      | firemarshallily the Demonspawn Fighter began the quest for
                  | the Orb.
     0 | D:1      | Reached XP level 1. HP: 18/18 MP: 1/1
   140 | D:1      | Found Xarong Issun's Magic Scroll Boutique.
   480 | D:1      | Gained mutation: Spells you cast may paralyse adjacent
                  | enemies. [demonic ancestry]
   480 | D:1      | Reached XP level 2. HP: 24/24 MP: 2/2
   995 | D:2      | Noticed Jessica
  1010 | D:2      | Killed Jessica
  1011 | D:2      | Gained mutation: Spells you cast may paralyse nearby
                  | enemies. [demonic ancestry]
  1011 | D:2      | Reached XP level 3. HP: 9/29 MP: 3/3
  1019 | D:2      | HP: 1/29 [quokka (4)]
  1019 | D:2      | Slain by a quokka

Illustrated notes

Levels and vault maps discovered:
D:1:      wander_arrival_abandoned_jail, layout_basic, serial_shops,
          nicolae_diamond_shop, supply_closet_lemuel
D:2:      layout_basic, serial_aquarium, aquarium_bridge_square
          [aquarium_subvault_wall, aquarium_subvault_bridge,
          aquarium_subvault_window, aquarium_subvault_wall],
          aquarium_bridge_straight [aquarium_subvault_bridge,
          aquarium_subvault_wall, aquarium_subvault_bridge,
          aquarium_subvault_window], aquarium_window_corner,
          aquarium_window_corridor_3, aquarium_window_fake,
          aquarium_window_fake, aquarium_view_2f, aquarium_view_2c, uniq_jessica

Skill      XL: |  1  2 |
---------------+-------+-----
Axes           | 2 |  2.5
Armour         | 3 |  3.2
Fighting       | |  3.3
Shields        | |  2.8

Action                   || total
-------------------------++-------
Melee: War axe           ||    48
Throw: Stone             ||     6
Armor: Scale mail        ||    29
Dodge: Dodged            ||    16
Block: Buckler           ||    12
